 Dungeon Crawl Stone Soup version 0.32-a0-893-gf85d74f360 (console) character file.

Game seed: 5543945638977549221

11625 jejorda2 the Spear-Bearer (level 11, 0/89 HPs)
             Began as a Gnoll Berserker on Apr 3, 2024.
             Was a High Priest of Trog.
             Slain by a fire elemental (2 damage)
             ... summoned by a deep elf pyromancer
             ... on level 12 of the Dungeon.
             The game lasted 00:26:05 (9286 turns).

jejorda2 the Spear-Bearer (Gnoll Berserker)         Turns: 9286, Time: 00:26:06

Health: 0/89       AC: 18    Str: 20    XL:     11   Next: 80%
Magic:  21/21      EV: 13    Int:  8    God:    Trog [*****.]
Gold:   1504       SH:  6    Dex: 17    Spells: 23/23 levels left

rFire   . . .        a - +3 demon whip (elec)
rCold   . . .        w - +0 buckler
rNeg    . . .        D - +0 plate armour
rPois   .            z - +2 helmet
rElec   .            (no cloak)
rCorr   .            u - +0 pair of gloves
SInv    .            (no boots)
Will    ++...        f - amulet of faith Stlth
                     c - +5 ring of evasion
HPRegen 1.34/turn    F - +6 ring of dexterity
MPRegen 0.17/turn

%: faith
@: strong-willed, regenerating
A: fangs 1, strong nose, distributed training
a: Renounce Religion, Berserk, Trog's Hand, Brothers in Arms


You were on level 12 of the Dungeon.
You worshipped Trog.
Trog was extremely pleased with you.
You visited 1 branch of the dungeon, and saw 11 of its levels.

You collected 1569 gold pieces.
You spent 65 gold pieces at shops.

Inventory:

Hand Weapons
 a - a +3 demon whip of electrocution (weapon)
 n - a +2 trident of protection
Missiles
 g - 22 poisoned darts (quivered)
 j - 10 javelins
 o - 9 boomerangs
 A - 2 throwing nets
Armour
 u - a +0 pair of gloves (worn)
 w - a +0 buckler (worn)
 z - a +2 helmet (worn)
 D - a +0 plate armour (worn)
Jewellery
 c - a +5 ring of evasion (left hand)
 f - an amulet of faith (around neck)
 F - a +6 ring of dexterity (right hand)
Wands
 k - a wand of paralysis (9)
 r - a wand of digging (7)
Scrolls
 d - a scroll of enchant weapon
 i - 3 scrolls of revelation
 l - 4 scrolls of fog
 m - a scroll of poison
 v - 5 scrolls of teleportation
Potions
 b - a potion of might {unknown}
 e - 2 potions of curing
 h - a potion of brilliance {unknown}
 p - 2 potions of heal wounds
 q - 2 potions of attraction
 s - 3 potions of lignification
 t - a potion of resistance {unknown}
 x - 4 potions of haste
 B - a potion of mutation {unknown}
 C - a potion of berserk rage {unknown}
 E - 2 potions of enlightenment


   Skills:
 + Level 9.6 Fighting
 + Level 6.9 Short Blades
 + Level 6.9 Long Blades
 + Level 6.9 Axes
 + Level 6.9 Maces & Flails
 + Level 9.6 Polearms
 + Level 6.9 Staves
 + Level 6.9 Ranged Weapons
 + Level 6.9 Throwing
 + Level 8.3 Armour
 + Level 8.3 Dodging
 + Level 6.9 Stealth
 + Level 6.9 Shields
 + Level 6.9 Unarmed Combat
 + Level 6.9 Spellcasting
 + Level 5.7 Conjurations
 + Level 5.7 Hexes
 + Level 5.7 Summonings
 + Level 5.7 Necromancy
 + Level 5.7 Translocations
 + Level 5.7 Fire Magic
 + Level 5.7 Ice Magic
 + Level 5.7 Air Magic
 + Level 5.7 Earth Magic
 + Level 5.7 Alchemy
 + Level 7.5 Invocations
 + Level 6.9 Evocations
 + Level 6.2 Shapeshifting


You had 23 spell levels left.
You didn't know any spells.
Your spell library was empty.

Dungeon Overview and Level Annotations

Branches:
Dungeon (12/15)            Temple (0/1) D:4            Lair (0/5) D:9
    Orc (0/2) D:10

Altars:
Cheibriados
Elyvilon
Gozag
Okawaru
Sif Muna
Uskayaw
Vehumet
Beogh

Shops:
D:9 *

Annotations:
D:12 Urug


Innate Abilities, Weirdness & Mutations

You have very sharp teeth.
Your uncanny sense of smell can sniff out nearby items.
Your experience applies equally to all skills.


Message History

You hit the deep elf pyromancer.
Lightning courses through the deep elf pyromancer!
The deep elf pyromancer is moderately wounded.
The fire elemental hits you. The fire elemental burns you!
The deep elf pyromancer hits you with a +0 long sword.
You block Urug's attack. The fire elemental misses you.
You hit the deep elf pyromancer.
The deep elf pyromancer is moderately wounded.
The fire elemental hits you. The fire elemental burns you!
The fire elemental barely misses you.
The deep elf pyromancer hits you with a +0 long sword.
Urug throws a javelin.
The javelin closely misses you.
You miss the deep elf pyromancer.
The deep elf pyromancer is moderately wounded.
The fire elemental hits you. The fire elemental burns you!
The fire elemental hits you. The fire elemental burns you!
You hit the deep elf pyromancer but do no damage.
Lightning courses through the deep elf pyromancer!
The deep elf pyromancer is severely wounded.
The fire elemental barely misses you.
The deep elf pyromancer gestures wildly while chanting.
The deep elf pyromancer blinks!
Urug hits you from afar with a +4 demon trident of freezing!!
Urug freezes you! The fire elemental hits you. The fire elemental burns you!
The fire elemental completely misses you.
The deep elf pyromancer casts a spell at you.
The bolt of fire hits the fire elemental.
The fire elemental completely resists.
The bolt of fire hits you!
* * * LOW HITPOINT WARNING * * *
Urug attacks as she pursues you! Urug hits you but does no damage.
The fire elemental hits you. The fire elemental burns you!
* * * LOW HITPOINT WARNING * * *
The fire elemental misses you. The fire elemental barely misses you.
Your skin crawls.
You feel strong-willed. The fire elemental hits you.
The fire elemental burns you!
* * * LOW HITPOINT WARNING * * *
The fire elemental barely misses you. You block Urug's attack.
The fire elemental hits you. The fire elemental burns you!
You die...

...# ## ∆
....# #. ...
#. ...
######.###.#
##...###...#
#.....##eo#
#......°EE#
#.....###@#
##...## #E#
##.###.# #°#
#..# #.# #.# #
#..###.# #.#
##.# #.#...##
#.# ...#
#.##### #?#
...# #.# #.#
#######.######


You could see Urug, a deep elf pyromancer and 3 fire elementals.

Vanquished Creatures
  Gastronok (D:10)
  The ghost of avangion the Thaumaturge, a novice DECj of Vehumet (D:8)
  The ghost of warriortoast the Mimic, a novice OpSh of Wu Jian (D:7)
  The ghost of croobank the Caller, a novice HuSu of Kikubaaqudgha (D:6)
  A rime drake (D:9)
  Jeremiah (D:6)
  2 trolls (D:10)
  A polar bear (D:9)
  A hornet (D:9)
  Grinder (D:6)
  A wraith (D:8)
  11 yaks (D:9)
  An acid dragon (D:9)
  Duvessa (D:5)
  2 ice beasts (D:9)
  2 black bears
  4 orc warriors
  3 ogres
  3 sky beasts
  3 wolves (D:9)
  9 centaurs
  2 kobold brigands
  4 bullfrogs
  A gnoll sergeant (D:8)
  3 scorpions
  17 wights
  Dowan (D:5)
  10 killer bees (D:9)
  8 howler monkeys
  A hound (D:7)
  A jelly (D:7)
  A bombardier beetle (D:5)
  A gnoll bouda (D:6)
  7 orc priests
  4 iguanas
  9 orc wizards
  8 gnolls
  10 adders
  2 shadow imps
  2 white imps
  4 ufetubi
  3 dart slugs
  2 ribbon worms
  47 orcs
  4 bats
  7 endoplasms
  4 giant cockroaches
  11 goblins
  A hobgoblin (D:2)
  7 jackals
  5 quokkas
  5 ball pythons
  4 frilled lizards
  16 kobolds
  10 rats
273 creatures vanquished.

Notes
Turn   | Place    | Note
-------+----------+-------------------------------------------
     0 | D:1      | jejorda2 the Gnoll Berserker began the quest for the Orb.
     0 | D:1      | Reached XP level 1. HP: 23/23 MP: 1/1
   204 | D:1      | Reached XP level 2. HP: 28/29 MP: 2/2
  1140 | D:2      | Reached XP level 3. HP: 35/35 MP: 3/3
  1202 | D:2      | Reached skill level 1 in Invocations
  1223 | D:2      | Reached ** piety under Trog
  1358 | D:2      | Reached skill level 1 in Short Blades
  1358 | D:2      | Reached skill level 1 in Long Blades
  1358 | D:2      | Reached skill level 1 in Axes
  1358 | D:2      | Reached skill level 1 in Maces & Flails
  1358 | D:2      | Reached skill level 1 in Staves
  1358 | D:2      | Reached skill level 1 in Ranged Weapons
  1358 | D:2      | Reached skill level 1 in Throwing
  1358 | D:2      | Reached skill level 1 in Stealth
  1358 | D:2      | Reached skill level 1 in Shields
  1358 | D:2      | Reached skill level 1 in Unarmed Combat
  1358 | D:2      | Reached skill level 1 in Spellcasting
  1358 | D:2      | Reached skill level 1 in Evocations
  1693 | D:3      | Reached skill level 1 in Shapeshifting
  1693 | D:3      | Reached XP level 4. HP: 41/41 MP: 5/5
  1695 | D:3      | Reached skill level 1 in Conjurations
  1695 | D:3      | Reached skill level 1 in Hexes
  1695 | D:3      | Reached skill level 1 in Summonings
  1695 | D:3      | Reached skill level 1 in Necromancy
  1695 | D:3      | Reached skill level 1 in Translocations
  1695 | D:3      | Reached skill level 1 in Fire Magic
  1695 | D:3      | Reached skill level 1 in Ice Magic
  1695 | D:3      | Reached skill level 1 in Air Magic
  1695 | D:3      | Reached skill level 1 in Earth Magic
  1695 | D:3      | Reached skill level 1 in Alchemy
  1787 | D:3      | Reached XP level 5. HP: 18/47 MP: 7/7
  1964 | D:3      | Found a faded altar of an unknown god.
  2395 | D:4      | Found a staircase to the Ecumenical Temple.
  2642 | D:4      | Reached XP level 6. HP: 43/53 MP: 5/8
  2651 | D:4      | Reached skill level 5 in Armour
  2651 | D:4      | Reached skill level 5 in Dodging
  2740 | D:4      | Reached *** piety under Trog
  3043 | D:5      | Entered Level 5 of the Dungeon
  3047 | D:5      | Noticed Dowan
  3050 | D:5      | Noticed Duvessa
  3232 | D:5      | Killed Dowan
  3239 | D:5      | Killed Duvessa
  3240 | D:5      | Reached XP level 7. HP: 32/60 MP: 4/10
  4015 | D:5      | Reached XP level 8. HP: 67/67 MP: 12/12
  4396 | D:6      | Found a large runed translucent door.
  4397 | D:6      | Found a large runed translucent door.
  4399 | D:6      | Noticed croobank's ghost (novice HuSu)
  4484 | D:6      | Found a radiant altar of Vehumet.
  4924 | D:6      | Noticed Jeremiah
  4947 | D:6      | Killed Jeremiah
  4948 | D:6      | Reached XP level 9. HP: 73/73 MP: 12/14
  5069 | D:6      | Noticed Grinder
  5077 | D:6      | Paralysed by Grinder for 4 turns
  5093 | D:6      | Killed Grinder
  5444 | D:6      | Noticed a lightning spire
  5451 | D:6      | Killed croobank's ghost
  5452 | D:6      | Reached skill level 5 in Invocations
  5576 | D:7      | Found an iron altar of Okawaru.
  5686 | D:6      | Identified a scroll of acquirement
  5686 | D:6      | Acquired 845 gold pieces
  6009 | D:7      | Found a white marble altar of Elyvilon.
  6038 | D:7      | Noticed warriortoast's ghost (novice OpSh)
  6050 | D:7      | Reached skill level 5 in Short Blades
  6050 | D:7      | Reached skill level 5 in Long Blades
  6050 | D:7      | Reached skill level 5 in Axes
  6050 | D:7      | Reached skill level 5 in Maces & Flails
  6050 | D:7      | Reached skill level 5 in Staves
  6050 | D:7      | Reached skill level 5 in Ranged Weapons
  6050 | D:7      | Reached skill level 5 in Throwing
  6050 | D:7      | Reached skill level 5 in Stealth
  6050 | D:7      | Reached skill level 5 in Shields
  6050 | D:7      | Reached skill level 5 in Unarmed Combat
  6050 | D:7      | Reached skill level 5 in Spellcasting
  6050 | D:7      | Reached skill level 5 in Evocations
  6050 | D:7      | Reached XP level 10. HP: 72/81 MP: 15/17
  6084 | D:7      | Found a transporter.
  6088 | D:7      | Found a transporter.
  6184 | D:7      | Killed warriortoast's ghost
  6516 | D:8      | Reached **** piety under Trog
  6534 | D:8      | Reached skill level 5 in Shapeshifting
  6694 | D:8      | Found a runed translucent gate.
  6694 | D:8      | Found a runed translucent gate.
  6695 | D:8      | Found a runed translucent gate.
  6696 | D:8      | Found an opulent altar of Gozag.
  6697 | D:8      | Noticed avangion's ghost (novice DECj)
  7113 | D:8      | Killed avangion's ghost
  7240 | D:9      | Reached skill level 5 in Conjurations
  7240 | D:9      | Reached skill level 5 in Hexes
  7240 | D:9      | Reached skill level 5 in Summonings
  7240 | D:9      | Reached skill level 5 in Necromancy
  7240 | D:9      | Reached skill level 5 in Translocations
  7240 | D:9      | Reached skill level 5 in Fire Magic
  7240 | D:9      | Reached skill level 5 in Ice Magic
  7240 | D:9      | Reached skill level 5 in Air Magic
  7240 | D:9      | Reached skill level 5 in Earth Magic
  7240 | D:9      | Reached skill level 5 in Alchemy
  7240 | D:9      | Reached XP level 11. HP: 60/89 MP: 13/20
  7596 | D:9      | Found Null's General Store.
  7605 | D:9      | Bought a potion of heal wounds for 65 gold pieces
  8024 | D:9      | Found a shimmering blue altar of Sif Muna.
  8029 | D:9      | Found a hide-covered altar of Uskayaw.
  8035 | D:9      | Found a snail-covered altar of Cheibriados.
  8083 | D:9      | Found a staircase to the Lair.
  8633 | D:10     | Entered Level 10 of the Dungeon
  8895 | D:10     | Noticed Gastronok
  8932 | D:10     | Killed Gastronok
  9038 | D:10     | Found a roughly hewn altar of Beogh.
  9038 | D:10     | Found a staircase to the Orcish Mines.
  9091 | D:10     | Reached ***** piety under Trog
  9138 | D:10     | You fall into a shaft and drop 2 floors!
  9271 | D:12     | Noticed a deep elf pyromancer
  9275 | D:12     | Noticed Urug
  9286 | D:12     | HP: 2/89 [fire elemental[a deep elf pyromancer] (10)]
  9286 | D:12     | Slain by a fire elemental

Illustrated notes

Levels and vault maps discovered:
D:1:      shiori_arrival_elements, layout_loops_corners
D:2:      layout_basic, serial_park_tiny_pond, minmay_randomly_rotated_circles
D:3:      layout_rooms, shapermc_ecumenical_altar_gd
D:4:      layout_loops_cross, minmay_temple_entry_overgrown
D:5:      layout_basic, nicolae_tricolors, uniq_duvessa
D:6:      layout_cave_pods, nicolae_vehumet_radiance,
          ebering_ghost_disaster_area, nicolae_underground_beach, uniq_grinder,
          uniq_jeremiah
D:7:      layout_cave_pools, okawaru_ov_weapons_minmay,
          mainiacjoe_overflow_catwalk, gammafunk_ghost_arena
D:8:      layout_basic, ebering_ghost_gozag
D:9:      layout_loops_ring, minmay_overflow_temple_star_quad,
          hellmonk_lair_entry_icy, serial_shops, shop
D:10:     layout_basic, david_orc_5, uniq_gastronok
D:12:     layout_loops_ring, uniq_psyche, uniq_urug, uniq_maurice

Skill      XL: |  1  2  3  4  5  6  7  8  9 10 11 |
---------------+----------------------------------+-----
Invocations    | 1 2 3 4 5 6 7 |  7.5
Short Blades   | 1 2 3 5 6 |  6.9
Long Blades    | 1 2 3 5 6 |  6.9
Axes           | 1 2 3 5 6 |  6.9
Maces & Flails | 1 2 3 5 6 |  6.9
Staves         | 1 2 3 5 6 |  6.9
Ranged Weapons | 1 2 3 5 6 |  6.9
Throwing       | 1 2 3 5 6 |  6.9
Stealth        | 1 2 3 5 6 |  6.9
Shields        | 1 2 3 5 6 |  6.9
Unarmed Combat | 1 2 3 5 6 |  6.9
Spellcasting   | 1 2 3 5 6 |  6.9
Evocations     | 1 2 3 5 6 |  6.9
Shapeshifting  | 1 2 3 4 5 6 |  6.2
Conjurations   | 1 2 3 4 5 |  5.7
Hexes          | 1 2 3 4 5 |  5.7
Summonings     | 1 2 3 4 5 |  5.7
Necromancy     | 1 2 3 4 5 |  5.7
Translocations | 1 2 3 4 5 |  5.7
Fire Magic     | 1 2 3 4 5 |  5.7
Ice Magic      | 1 2 3 4 5 |  5.7
Air Magic      | 1 2 3 4 5 |  5.7
Earth Magic    | 1 2 3 4 5 |  5.7
Alchemy        | 1 2 3 4 5 |  5.7
Armour         | 5 6 7 8 |  8.3
Dodging        | 5 6 7 8 |  8.3
Fighting       | 7 8 9 |  9.6
Polearms       | 7 8 9 |  9.6

Action                     |  1- 3 |  4- 6 |  7- 9 | 10-12 || total
---------------------------+-------+-------+-------+-------++-------
  Melee: Spear             |   161 |    47 |       |       ||   208
         Bite              |    14 |    20 |    20 |    52 ||   106
         Trident           |       |   115 |       |       ||   115
         Halberd           |       |    35 |   238 |       ||   273
         Demon whip        |       |       |    14 |   412 ||   426
  Throw: Dart              |       |       |    14 |    13 ||    27
 Invoke: Berserk           |     1 |     2 |     5 |     5 ||    13
         Trog's Hand       |       |     1 |     4 |     5 ||    10
    Use: Scroll            |       |       |    13 |    10 ||    23
   Stab: Sleeping          |     1 |       |       |       ||     1
         Distracted        |       |     1 |       |       ||     1
 Armour: Animal skin       |    10 |       |       |       ||    10
         Scale mail        |    43 |    15 |       |       ||    58
         Chain mail        |       |    63 |    98 |       ||   161
         Plate armour      |       |       |    76 |   263 ||   339
  Dodge: Dodged            |    80 |   132 |   163 |   230 ||   605
  Block: Buckler           |       |       |       |   101 ||   101

Table legend: (Time is in decaauts)
 A = Elapsed time spent in this place.
 B = Non-inter-level travel time spent in this place.
 C = Inter-level travel time spent in this place.
 D = Time resting spent in this place.
 E = Time spent auto-exploring this place.
 F = Levels seen in this place.
 G = Mean time per level.
                   A        B        C        D        E       F      G
               +--------+--------+--------+--------+--------+-----+--------+
         Total |   9295 |   8856 |    439 |    358 |   6472 |  11 |  845.0 |
       Dungeon |   9295 |   8856 |    439 |    358 |   6472 |  11 |  845.0 |
               +--------+--------+--------+--------+--------+-----+--------+

Top non-repeatable levels by time:
     D:9: 1476 daAuts
     D:6: 1456 daAuts
     D:4: 1044 daAuts
     D:1: 1012 daAuts
     D:5: 902 daAuts
     D:8: 868 daAuts
     D:7: 666 daAuts
     D:2: 634 daAuts
     D:3: 612 daAuts
    D:10: 475 daAuts
    D:12: 145 daAuts
